 Dungeon Crawl Stone Soup version 0.30-a0-715-gdb4ae3ece1 (webtiles) character file.

Game seed: 10800131195430138294

31 flotson the Sneak (level 3, -10/29 HPs)
             Began as a Demonspawn Delver on Jan 23, 2023.
             Mangled by an iguana (13 damage)
             ... on level 5 of the Dungeon.
             The game lasted 00:00:23 (77 turns).

flotson the Sneak (Demonspawn Delver)                 Turns: 77, Time: 00:00:23

Health: -10/29     AC:  3    Str: 14    XL:     3   Next: 7%
Magic:  3/3        EV: 12    Int: 11    God:
Gold:   0          SH:  0    Dex: 14    Spells: 2/2 levels left

rFire   . . .      SeeInvis .    a - +0 hand axe
rCold   . . .      Faith    .    (no shield)
rNeg    . . .      Spirit   .    b - +0 leather armour
rPois   .          Reflect  .    (helmet restricted)
rElec   .          Harm     .    (no cloak)
rCorr   .          Rampage  .    (no gloves)
Will    .....                    (no boots)
Stlth   +++                      (no amulet)
HPRegen 0.24/turn                (no ring)
MPRegen 0.08/turn                (no ring)

@: hasted, very quick
A: antennae 1
a: no special abilities


You were on level 5 of the Dungeon.
You visited 1 branch of the dungeon, and saw 1 of its levels.

Inventory:

Hand Weapons
 a - a +0 hand axe (weapon)
Armour
 b - a +0 leather armour (worn)
Wands
 g - a wand of digging (3)
Scrolls
 c - a scroll of fog
 d - 2 scrolls of magic mapping
 e - a scroll of fear
 h - a scroll of noise {unknown}


   Skills:
 + Level 3.2 Fighting
 + Level 2.0 Axes
 + Level 0.6 Armour
 + Level 2.0 Dodging
 + Level 4.6 Stealth
 + Level 1.1 Evocations


You had 2 spell levels left.
You didn't know any spells.
Your spell library was empty.

Dungeon Overview and Level Annotations

Branches:
Dungeon (5/15)
 Temple: D:4-7

Altars:


Innate Abilities, Weirdness & Mutations

You have a pair of small antennae on your head.


Message History

An iguana comes into view.
The hound barks!
You feel yourself speed up. The hound bites you.
You hit the hound.
The hound is moderately wounded.
The hound bites you.
You closely miss the hound.
The hound is moderately wounded.
The hound barely misses you.
You hit the hound.
The hound is severely wounded.
The hound bites you.
You hit the hound.
The hound is almost dead.
The hound bites you but does no damage.
You hit the hound but do no damage.
The hound is severely wounded.
The hound barely misses you. The hound bites you.
You hit the hound.
You kill the hound!
You hit the iguana but do no damage.
Your Axes skill increases to level 2!
Your Dodging skill increases to level 2!
Your Evocations skill increases to level 1!
You have reached level 2!
Your demonic ancestry asserts itself...
A pair of antennae grows on your head!
You have reached level 3!
Your experience leads to an increase in your attributes!
Increase (S)trength, (I)ntelligence, or (D)exterity?
You feel stronger. x2
You completely miss the iguana. The iguana bites you!
* * * LOW HITPOINT WARNING * * *
You hit the iguana.
The iguana is moderately wounded.
The iguana closely misses you.
You hit the iguana.
The iguana is heavily wounded.
The iguana bites you!
You die...

##..##.....#
#..........#
#.....(....#
##..##..########
###
#..##..####.##.##..
#..#.........+.....
#..#.........#...>.
#..######...###....
#.@## #...###....
#..l# #..........
#...# #..........
#...# #..........
#...# #..........
+...# #..........
#..## ##..###....
#..# #### #....
...!# .....


You could see an iguana.

Vanquished Creatures
  A hound (D:5)
1 creature vanquished.

Notes
Turn   | Place    | Note
-------+----------+-------------------------------------------
     0 | D:5      | flotson the Demonspawn Delver began the quest for the Orb.
     0 | D:5      | Reached XP level 1. HP: 18/18 MP: 1/1
    51 | D:5      | Noticed a hound
    60 | D:5      | Noticed an iguana
    74 | D:5      | Killed a hound
    75 | D:5      | Reached skill level 1 in Evocations
    75 | D:5      | Gained mutation: You have a pair of small antennae on your
                  | head. [demonic ancestry]
    75 | D:5      | Reached XP level 2. HP: 9/24 MP: 2/2
    75 | D:5      | Reached XP level 3. HP: 11/29 MP: 3/3
    77 | D:5      | Mangled by an iguana

Illustrated notes

Levels and vault maps discovered:
D:5:      layout_gridville, trog_three_pillars_becter,
          minmay_temple_entry_glassed_door, uniq_blork_the_orc, uniq_duvessa

Skill      XL: |  1 |
---------------+----+-----
Axes           | 2 |  2.0
Dodging        | 2 |  2.0
Evocations     | 1 |  1.1
Fighting       | |  3.2
Armour         | |  0.6
Stealth        | |  4.6

Action                     || total
---------------------------++-------
  Melee: Hand axe          ||     9
    Use: Potion            ||     1
 Armour: Leather armour    ||     1
  Dodge: Dodged            ||     3

Table legend: (Time is in decaauts)
 A = Elapsed time spent in this place.
 B = Non-inter-level travel time spent in this place.
 C = Inter-level travel time spent in this place.
 D = Time resting spent in this place.
 E = Time spent auto-exploring this place.
 F = Levels seen in this place.
 G = Mean time per level.
                   A        B        C        D        E       F      G
               +--------+--------+--------+--------+--------+-----+--------+
         Total |     75 |     75 |      0 |      0 |     49 |   1 |   75.0 |
       Dungeon |     75 |     75 |      0 |      0 |     49 |   1 |   75.0 |
               +--------+--------+--------+--------+--------+-----+--------+

Top non-repeatable levels by time:
     D:5: 75 daAuts
